 Dungeon Crawl Stone Soup version 0.32-a0-391-gce5c0aab1b (webtiles) character file.

Game seed: 8153971355584209367

498 Bravepunisher the Changeling (level 6, -6/33 HPs)
             Began as a Spriggan Shapeshifter on Feb 19, 2024.
             Was a Believer of Makhleb.
             Mangled by Prince Ribbit (19 damage)
             ... on level 5 of the Dungeon.
             The game lasted 00:11:45 (4365 turns).

Bravepunisher the Changeling (SpSh)                 Turns: 4365, Time: 00:12:01

Health: -6/33      AC:  2    Str: 12    XL:     6   Next: 94%
Magic:  8/8        EV: 19    Int: 12    God:    Makhleb [**....]
Gold:   187        SH:  0    Dex: 14    Spells: 5/5 levels left

rFire   . .          .
                       - Unarmed
rCold   . . .        (no shield)
rNeg    + . .        a - +0 animal skin
rPois   .            (helmet currently unavailable)
rElec   .            m - melded scarf {shadows}
rCorr   .            (gloves unavailable)
SInv    +            (boots unavailable)
Will    +....        (no amulet)
Stlth   +            g - ring of positive energy
HPRegen 0.25/turn    (no ring)
MPRegen 0.11/turn

%: no passive effects
@: beast-form, very quick
A: beast (slay +3), very small, no large weapons, unfitting armour, see
invisible, speed 3
a: Begin Untransformation, Renounce Religion, Minor Destruction


You were on level 5 of the Dungeon.
You worshipped Makhleb.
Makhleb was pleased with you.
You were a hulking beast.
You visited 1 branch of the dungeon, and saw 5 of its levels.

You collected 187 gold pieces.

Inventory:

Missiles
 v - a throwing net (quivered)
Armour
 a - a +0 animal skin (worn)
 m - a scarf of shadows (melded)
Jewellery
 g - a ring of positive energy (left hand)
Talismans
 c - a beast talisman (active)
 d - a flux talisman
Wands
 q - a wand of quicksilver (1)
Scrolls
 e - 5 scrolls of identify {unknown}
 f - 2 scrolls of fear {unknown}
 h - a scroll of vulnerability {unknown}
 i - a scroll of noise {unknown}
 j - a scroll of immolation {unknown}
 l - a scroll of poison {unknown}
 o - a scroll of teleportation {unknown}
 p - a scroll of torment {unknown}
 r - 2 scrolls of blinking {unknown}
Potions
 b - 2 potions of lignification
 k - a potion of mutation {unknown}
 n - 2 potions of curing
 s - a potion of invisibility {unknown}
 t - a potion of haste {unknown}
 u - 2 potions of heal wounds {unknown}
 w - a potion of might


   Skills:
 * Level 3.9 Fighting
 + Level 5.1 Dodging
 - Level 2.4 Unarmed Combat
 + Level 2.3 Invocations
 + Level 5.7 Shapeshifting


You had 5 spell levels left.
You didn't know any spells.
Your spell library contained the following spells:

 Spells                   Type           Power      Damage    Failure   Level
 Apportation              Tloc           0%         N/A       32%         1
 Necrotise                Necr           0%         1d4       32%         1
 Slow                     Hex            0%         N/A       32%         1
 Sting                    Conj/Alch      0%         1d3       32%         1
 Summon Small Mammal      Summ           0%         N/A       32%         1
 Confusing Touch          Hex            0%         N/A       69%         3
 Hailstorm                Conj/Ice       0%         3d5       69%         3
 Sigil of Binding         Hex            0%         N/A       69%         3
 Summon Ice Beast         Ice/Summ       0%         N/A       69%         3
 Tukima's Dance           Hex            0%         N/A       69%         3
 Vampiric Draining        Necr           0%         2d6       69%         3
 Dimensional Bullseye     Hex/Tloc       0%         N/A       97%         4
 Iskenderun's Mystic Bla  Conj/Tloc      0%         2d3       97%         4
 Sculpt Simulacrum        Ice/Alch       0%         N/A       100%        6


Dungeon Overview and Level Annotations

Branches:
Dungeon (5/15)
 Temple: D:4-7

Altars:
Makhleb
Qazlal
Xom

Shops:
D:1 :

Annotations:
D:1 2 transporters
D:4 2 transporters, DaftaChap's ghost, novice MDCA
D:5 Prince Ribbit


Innate Abilities, Weirdness & Mutations

You are a hulking beast.
Your limbs bulge with bestial killing power. (Slay +3)
You are very small and have problems with some larger weapons.
You are too small for most types of armour.
You have supernaturally acute eyesight. (SInv)
You cover ground extremely quickly. (Speed+++)


Message History

Prince Ribbit asks, "Just a little smooch?"
Aiming: Minor Destruction (9% risk of failure)
Press: ? - help, Shift-Dir - straight line, f - you
Okay, then.
Aiming: Minor Destruction (9% risk of failure)
Press: ? - help, Shift-Dir - straight line, f - Prince Ribbit
Aim: Prince Ribbit Prince Ribbit writhes in agony.
Aiming: Minor Destruction (9% risk of failure)
Press: ? - help, Shift-Dir - straight line, f/p - Prince Ribbit
Aim: Prince Ribbit (lightly wounded)
The zap hits Prince Ribbit.
Prince Ribbit is lightly wounded.
Okay, then.
You hit Prince Ribbit.
Prince Ribbit is moderately wounded.
Prince Ribbit completely misses you.
You hit Prince Ribbit.
Prince Ribbit is moderately wounded.
Prince Ribbit hops awkwardly around.
Prince Ribbit hits you.
Prince Ribbit blinks!
Aiming: Minor Destruction (9% risk of failure)
Press: ? - help, Shift-Dir - straight line, f/p - Prince Ribbit
Aim: Prince Ribbit (moderately wounded) Prince Ribbit easily resists.
Aiming: Minor Destruction (9% risk of failure)
Press: ? - help, Shift-Dir - straight line, f/p - Prince Ribbit
Aim: Prince Ribbit (moderately wounded) Prince Ribbit easily resists.
Aiming: Minor Destruction (9% risk of failure)
Press: ? - help, Shift-Dir - straight line, f/p - Prince Ribbit
Aim: Prince Ribbit (moderately wounded) Prince Ribbit writhes in agony.
Prince Ribbit blinks!
Aiming: Minor Destruction (9% risk of failure)
Press: ? - help, Shift-Dir - straight line, f/p - Prince Ribbit
Aim: Prince Ribbit (heavily wounded)
The glob of acid misses Prince Ribbit.
Prince Ribbit hits you! Prince Ribbit hits you!!
Ouch! That really hurt!
You die...

#.#.#####'#########.##.......+
#.#.####......#...#.##.......#
#......'......#.#.#.##.........
###.####......#.#...##........##
#.# #......#.######........# #.#
#......#.#########+#+#.. #.#
########.#....... ... #..
#.#F...... ##. #.h.....# .
#|......+ ##......# #......#
#......# #......# #......#
#......#


You could see Prince Ribbit.

Vanquished Creatures
  A howler monkey (D:2)
  A crimson imp (D:4)
  A jelly (D:5)
  2 hounds
  An iguana (D:5)
  A gnoll bouda (D:5)
  A sleepcap (D:4)
  6 adders
  9 gnolls
  2 dart slugs (D:1)
  An orc (D:4)
  4 ball pythons (D:1)
  7 endoplasms
  3 giant cockroaches
  7 hobgoblins
  3 jackals (D:2)
  2 quokkas (D:1)
  3 bats
  4 frilled lizards (D:1)
  8 goblins
  4 kobolds
  2 rats
73 creatures vanquished.

Notes
Turn   | Place    | Note
-------+----------+-------------------------------------------
     0 | D:1      | Bravepunisher the Spriggan Shapeshifter began the quest for
                  | the Orb.
     0 | D:1      | Reached XP level 1. HP: 9/9 MP: 2/2
   173 | D:1      | Reached skill level 1 in Fighting
   351 | D:3      | Reached XP level 2. HP: 13/14 MP: 3/3
   555 | D:4      | Found a transporter.
   577 | D:4      | Noticed a phantom
   670 | D:4      | Reached XP level 3. HP: 16/18 MP: 4/4
   716 | D:5      | Entered Level 5 of the Dungeon
   756 | D:4      | Found a stormy altar of Qazlal.
   781 | D:4      | Found a shimmering altar of Xom.
   781 | D:4      | Found a burning altar of Makhleb.
   790 | D:4      | Reached XP level 4. HP: 6/23 MP: 5/5
   797 | D:4      | Became a worshipper of Makhleb the Destroyer
  1193 | D:1      | Reached XP level 5. HP: 27/27 MP: 6/6
  1211 | D:1      | Reached skill level 1 in Invocations
  1329 | D:1      | Found a transporter.
  1329 | D:1      | Found Urrue's Book Boutique.
  1389 | D:1      | Reached skill level 5 in Shapeshifting
  1422 | D:1      | Found a transporter.
  1499 | D:1      | Reached * piety under Makhleb
  2755 | D:3      | Reached XP level 6. HP: 29/32 MP: 8/8
  2830 | D:3      | Identified the +4 scale mail of Rotini {Will+ Regen+ Dex-3}
  3252 | D:4      | Found a transporter.
  3252 | D:4      | Noticed DaftaChap's ghost (novice MDCA)
  3378 | D:4      | Reached ** piety under Makhleb
  3867 | D:5      | Reached skill level 5 in Dodging
  4348 | D:5      | Noticed Prince Ribbit
  4365 | D:5      | Mangled by Prince Ribbit

Illustrated notes

Levels and vault maps discovered:
D:1:      eino_arrival_cavern_b, layout_basic, serial_shops,
          nicolae_shop_drivethru, chequers_arboretum
D:2:      layout_basic
D:3:      minmay_door_path, layout_loops_corners
D:4:      layout_cave_pods, grunt_temple_overflow_champion_of_chaos,
          mainiacjoe_overflow_concentric_impassable, gammafunk_ghost_mausoleum
D:5:      layout_basic, serial_shops, shop, uniq_prince_ribbit1

Skill      XL: |  1  2  3  4  5  6 |
---------------+-------------------+-----
Fighting       | 1 2 3 |  3.9
Dodging        | 3 4 5 |  5.1
Invocations    | 1 2 |  2.3
Shapeshifting  | 5 |  5.7
Unarmed Combat | |  2.4

Action                     |  1- 3 |  4- 6 || total
---------------------------+-------+-------++-------
  Melee: Unarmed           |    33 |    89 ||   122
         Punch             |     2 |     1 ||     3
         Dagger            |       |   127 ||   127
 Invoke: Minor Destruction |       |    18 ||    18
Ability: Begin Untransform |     1 |     1 ||     2
  Evoke: Wand              |       |     5 ||     5
    Use: Potion            |       |     4 ||     4
   Stab: Sleeping          |     1 |     1 ||     2
 Armour: Animal skin       |    13 |    58 ||    71
  Dodge: Dodged            |    57 |   147 ||   204
   Form: Beast             |     1 |     1 ||     2

Table legend: (Time is in decaauts)
 A = Elapsed time spent in this place.
 B = Non-inter-level travel time spent in this place.
 C = Inter-level travel time spent in this place.
 D = Time resting spent in this place.
 E = Time spent auto-exploring this place.
 F = Levels seen in this place.
 G = Mean time per level.
                   A        B        C        D        E       F      G
               +--------+--------+--------+--------+--------+-----+--------+
         Total |   3063 |   2976 |     87 |    205 |   2040 |   5 |  612.6 |
       Dungeon |   3063 |   2976 |     87 |    205 |   2040 |   5 |  612.6 |
               +--------+--------+--------+--------+--------+-----+--------+

Top non-repeatable levels by time:
     D:3: 735 daAuts
     D:1: 683 daAuts
     D:4: 663 daAuts
     D:2: 507 daAuts
     D:5: 473 daAuts
